 Dungeon Crawl Stone Soup version 0.28-a0-1613-gdaab1c2f9b (webtiles) character file.

Game seed: 10823365591824002029

22 YayAnonymity the Sneak (level 2, -1/24 HPs)
             Began as a Demonspawn Delver on Jan 21, 2022.
             Was an Initiate of Qazlal.
             Succumbed to an adder's poison
             ... on level 3 of the Dungeon.
             The game lasted 00:02:47 (894 turns).

YayAnonymity the Sneak (Demonspawn Delver)           Turns: 894, Time: 00:02:48

Health: -1/24      AC:  3    Str: 12    XL:     2   Next: 68%
Magic:  2/2        EV: 11    Int: 11    God:    Qazlal [......]
Gold:   20         SH:  0    Dex: 14    Spells: 1/1 levels left

rFire   + . .      SeeInvis .   a - +0 spear
rCold   . . .      Faith    .   (no shield)
rNeg    . . .      Spirit   .   b - +0 leather armour
rPois   .          Reflect  .   (no helmet)
rElec   .          Harm     .   (no cloak)
rCorr   .          Rampage  .   (no gloves)
Will    .....                   (no boots)
Stlth   +++.......              (no amulet)
HPRegen 0.08/turn               k - ring of protection from fire
MPRegen 0.16/turn               (no ring)

@: lethally poisoned (-1 -> -7)
A: magic regeneration
a: Renounce Religion


You were on level 3 of the Dungeon.
You worshipped Qazlal.
Qazlal was noncommittal.
You visited 1 branch of the dungeon, and saw 3 of its levels.

You collected 20 gold pieces.

Inventory:

Hand Weapons
 a - a +0 spear (weapon)
Missiles
 d - 12 stones (quivered)
Armour
 b - a +0 leather armour (worn)
Jewellery
 k - a ring of protection from fire (left hand)
Wands
 g - a wand of digging (3)
Scrolls
 c - a scroll of fog
 e - a scroll of fear
 h - a scroll of blinking {unknown}
 i - a scroll of enchant weapon {unknown}
Potions
 f - a potion of haste
 j - a potion of degeneration {unknown}
 l - a potion of cancellation


   Skills:
 + Level 3.3 Fighting
 * Level 2.5 Polearms
 - Level 1.7 Dodging
 - Level 4.6 Stealth


You had one spell level left.
You didn't know any spells.
Your spell library was empty.

Dungeon Overview and Level Annotations

Branches:
Dungeon (5/15)
 Temple: D:4-7

Altars:
Gozag
Qazlal

Annotations:
D:3 Natasha


Innate Abilities, Weirdness & Mutations

You regenerate magic rapidly.


Message History

You close the door, pushing everything out of the way.
You start resting.
The adder hisses angrily.
HP restored.
You open the door. The adder barely misses you.
Unknown command.
You barely miss the adder. The adder bites you but does no damage.
You barely miss the adder. The adder misses you.
You hit the adder.
The adder is heavily wounded.
The adder bites you. x2
You are poisoned.
The adder poisons you!
You closely miss the adder.
The adder is moderately wounded.
You feel sick. The adder bites you.
You hit the adder.
The adder is heavily wounded.
You feel sick. The adder bites you.
You barely miss the adder.
The adder is heavily wounded.
You feel sick. The adder bites you.
* * * LOW HITPOINT WARNING * * *
You hit the adder.
The adder is almost dead.
You feel sick.
You are no longer poisoned.
The adder misses you. The adder bites you.
* * * LOW HITPOINT WARNING * * *
You miss the adder. You punch the adder, but do no damage.
The adder is almost dead.
The adder completely misses you.
You closely miss the adder.
The adder is almost dead.
The adder bites you.
* * * LOW HITPOINT WARNING * * *
You are lethally poisoned!
The adder poisons you!
It was a potion of cancellation.
You feel magically purged.
You die...

...... #P..≈≈≈
.. .# ......
#.PP.♣≈♣ . ##
.B .h.#.
.....♣≈ .. .
### .... ..P..
.# .# .## #..#
.##.# #
#..####....# #
#.....†....#
#.##.###S###.##
#.#..#..@..#.#
#....#.....#.#
###..#.._..#.#
##.#.....#.#
#.#.....#....
###.#######.###
# #........?..#
##
#.#....##.#.#
.## #.#.#.##
$#.#


You could see an adder.

Vanquished Creatures
  An adder (D:3)
  An ufetubus (D:5)
  A dart slug (D:3)
  A bat (D:3)
  An endoplasm (D:3)
  A quokka (D:3)
  A frilled lizard (D:3)
7 creatures vanquished.

Vanquished Creatures (others)
  27 plants (D:3)
27 creatures vanquished.

Grand Total: 34 creatures vanquished

Notes
Turn   | Place    | Note
-------+----------+-------------------------------------------
     0 | D:5      | YayAnonymity the Demonspawn Delver began the quest for the
                  | Orb.
     0 | D:5      | Reached XP level 1. HP: 18/18 MP: 1/1
   287 | D:3      | Found an opulent altar of Gozag.
   405 | D:3      | Gained mutation: You regenerate magic rapidly. [demonic
                  | ancestry]
   405 | D:3      | Reached XP level 2. HP: 15/24 MP: 2/2
   546 | D:3      | Noticed Natasha
   718 | D:3      | Found a stormy altar of Qazlal.
   738 | D:3      | Became a worshipper of Qazlal Stormbringer
   893 | D:3      | HP: 1/24 [adder (1)]
   894 | D:3      | Succumbed to an adder's poison

Illustrated notes

Levels and vault maps discovered:
D:3:      layout_loops_ring, nicolae_gozag_seed_capital, amcnicky_altar_gilded,
          serial_bayou, serial_bayou_shore_a, serial_bayou_pond_a,
          serial_bayou_pond_a, serial_bayou_lagoon_a, minmay_misc_feat_x,
          uniq_natasha
D:4:      layout_rooms, nicolae_overflow_hidden_temple, gammafunk_ghost_split,
          uniq_eustachio
D:5:      layout_loops_ring, dancing_weapons_uskayaw

Skill      XL: |  1 |
---------------+----+-----
Polearms       | 2 |  2.5
Fighting       | |  3.3
Dodging        | |  1.7
Stealth        | |  4.6

Action                   || total
-------------------------++-------
Melee: Spear             ||    74
       Punch             ||     2
  Use: Scroll            ||     1
       Potion            ||     1
Armor: Leather armour    ||    10
Dodge: Dodged            ||    26

Table legend: (Time is in decaauts)
 A = Elapsed time spent in this place.
 B = Non-inter-level travel time spent in this place.
 C = Inter-level travel time spent in this place.
 D = Time resting spent in this place.
 E = Time spent auto-exploring this place.
 F = Levels seen in this place.
 G = Mean time per level.
                   A        B        C        D        E       F      G
               +--------+--------+--------+--------+--------+-----+--------+
         Total |    901 |    901 |      0 |    514 |      7 |   3 |  300.3 |
       Dungeon |    901 |    901 |      0 |    514 |      7 |   3 |  300.3 |
               +--------+--------+--------+--------+--------+-----+--------+

Top non-repeatable levels by time:
     D:3: 629 daAuts
     D:5: 245 daAuts
     D:4: 26 daAuts
